 Dungeon Crawl Stone Soup version 0.31-a0-986-g5e6e4ef867 (webtiles) character file.

Game seed: 9136294892697355906

9428 pokeman the Eclecticist (level 11, -1/61 HPs)
             Began as a Deep Elf Hedge Wizard on Nov 20, 2023.
             Was a Priest of Vehumet.
             Slain by a meliai simulacrum (13 damage)
             ... in a Gauntlet.
             The game lasted 00:27:53 (12516 turns).

pokeman the Eclecticist (Deep Elf Hedge Wizard)    Turns: 12516, Time: 00:27:54

Health: -1/61      AC:  8    Str:  7    XL:     11   Next: 22%
Magic:  18/32      EV: 18    Int: 24    God:    Vehumet [***...]
Gold:   299        SH:  5    Dex: 20    Spells: 23/40 levels left

rFire   + . .        S - staff of fire
rCold   . . .        (no shield)
rNeg    . . .        K - +0 steam dragon scales
rPois   .            X - +0 helmet {SInv}
rElec   .            x - scarf {repulsion}
rCorr   .            l - +0 pair of gloves
SInv    +            (no boots)
Will    +....        e - amulet of reflection
Stlth   +++          h - +6 ring of dexterity
HPRegen 0.30/turn    j - +5 ring of evasion
MPRegen 0.23/turn

%: no teleportation, repel missiles, reflection
@: no status effects
A: no striking features
a: Renounce Religion


You were in a Gauntlet.
You worshipped Vehumet.
Vehumet was most pleased with you.
You visited 2 branches of the dungeon, and saw 12 of its levels.
You also visited: Gauntlet.

You collected 637 gold pieces.
You spent 338 gold pieces at shops.

Inventory:

Hand Weapons
 t - a +3 quarterstaff of chaos
 G - a +0 short sword of electrocution
 H - a +2 dagger of venom
Missiles
 Q - a throwing net
 R - 2 curare-tipped darts
Armour
 l - a +0 pair of gloves (worn)
 x - a scarf of repulsion (worn)
 K - +0 steam dragon scales (worn)
 L - the +4 scale mail "Vel Sien" {rPois Dex+4 Slay-5}
   (You found it on level 7 of the Dungeon)

   Dex+4:     It affects your dexterity (+4).
   Slay-5:    It affects your accuracy & damage with ranged weapons and melee
   (-5).
   rPois:     It protects you from poison
 O - a +0 robe of cold resistance
 X - a +0 helmet of see invisible (worn)
Magical Staves
 c - a staff of cold
 I - a staff of air
 S - a staff of fire (weapon)
 U - a staff of conjuration
Jewellery
 e - an amulet of reflection (around neck)
 h - a +6 ring of dexterity (left hand)
 j - a +5 ring of evasion (right hand)
 o - a ring of willpower
 u - a ring of protection from fire
 w - a +6 ring of dexterity
 M - a ring of protection from cold
 N - an amulet of guardian spirit
Wands
 n - a wand of polymorph (23)
 z - a wand of flame (22)
 B - a wand of mindburst (5)
 V - a wand of quicksilver (5)
Scrolls
 a - 4 scrolls of revelation
 b - a scroll of acquirement {unknown}
 f - a scroll of summoning {unknown}
 g - 6 scrolls of teleportation
 i - 3 scrolls of identify {unknown}
 k - 4 scrolls of immolation {unknown}
 m - 2 scrolls of fog {unknown}
 r - 6 scrolls of enchant armour {unknown}
 s - 2 scrolls of silence {unknown}
 y - 3 scrolls of fear {unknown}
 A - a scroll of brand weapon {unknown}
 C - 2 scrolls of amnesia {unknown}
Potions
 d - 2 potions of magic
 p - 4 potions of might {unknown}
 q - 2 potions of heal wounds {unknown}
 v - 2 potions of brilliance {unknown}
 D - 3 potions of enlightenment {unknown}
 E - a potion of haste {unknown}
 F - 4 potions of curing {unknown}
 P - a potion of invisibility {unknown}
 T - a potion of ambrosia {unknown}
 W - a potion of resistance {unknown}


   Skills:
 - Level 4.0 Fighting
 + Level 4.7 Armour
 - Level 3.1 Dodging
 - Level 3.0 Stealth
 * Level 15.0 Spellcasting
 + Level 9.8 Conjurations
 - Level 1.1 Summonings
 - Level 1.1 Necromancy
 - Level 1.1 Translocations
 - Level 1.0 Transmutations
 + Level 5.9 Fire Magic
 - Level 1.0 Ice Magic
 - Level 1.0 Air Magic
 - Level 1.1 Poison Magic
 - Level 1.0 Evocations


You had 23 spell levels left.
You knew the following spells:

 Your Spells              Type           Power      Damage    Failure   Level
a - Magic Dart            Conj           100%       1d8       1%          1
b - Mephitic Cloud        Conj/Pois/Air  37%        N/A       1%          3
c - Call Imp              Summ           46%        N/A       3%          2
d - Blink                 Tloc           46%        N/A       3%          2
e - Foxfire               Conj/Fire      100%       2x1d9     1%          1
f - Ignite Poison         Fire/Tmut/Pois 46%        N/A       1%          3
g - Freezing Cloud        Conj/Ice/Air   18%        6-21      4%          5

Your spell library contained the following spells:

 Spells                   Type           Power      Damage    Failure   Level
 Inner Flame              Hex/Fire       48%        N/A       1%          3
 Freeze                   Ice            88%        1d9       1%          1
 Frozen Ramparts          Ice            44%        1d7       1%          3
 Hailstorm                Conj/Ice       44%        3d10      1%          3
 Arcjolt                  Conj/Air       22%        1d32      2%          5
 Slow                     Hex            72%        N/A       3%          1
 Cigotuvi's Dreadful Rot  Necr/Pois/Air  46%        N/A       3%          2
 Call Canine Familiar     Summ           23%        N/A       6%          3
 Sigil of Binding         Hex            18%        N/A       10%         3
 Vhi's Electric Charge    Tloc/Air       46%        N/A       21%         4
 Dimensional Bullseye     Hex/Tloc       10%        N/A       26%         4
 Plasma Beam              Fire/Air       25%        2x1d38    28%         6
 Leda's Liquefaction      Hex/Erth       9%         N/A       30%         4


Dungeon Overview and Level Annotations

Branches:
Dungeon (11/15)            Temple (1/1) D:5            Lair (0/5) D:10
    Orc (0/2) D:11        Gauntlet (1/1)

Altars:
Ashenzari
Cheibriados
Dithmenos
Elyvilon
Fedhas
Gozag
Hepliaklqana
Kikubaaqudgha
Makhleb
Nemelex Xobeh
Okawaru
Qazlal
Ru
Sif Muna
Trog
Uskayaw
Vehumet
Wu Jian
Xom
Yredelemnul
Zin
The Shining One

Shops:
D:10 :   D:11 =

Annotations:
Gauntlet 9 transporters, 2 runed translucent doors


Message History

Press: ? - help, Shift-Dir - straight line, f/p - meliai simulacrum
Aim: a meliai simulacrum (lightly damaged, 100% to hit)
The magic dart hits the meliai simulacrum.
The meliai simulacrum is moderately damaged.
The meliai simulacrum hits you but does no damage.
The meliai simulacrum closely misses you.
The centaur warrior simulacrum is engulfed in blazing flames.
You block the meliai simulacrum's attack.
The meliai simulacrum closely misses you.
The centaur warrior simulacrum is engulfed in blazing flames.
The centaur warrior simulacrum vaporises!
Vehumet accepts your kill.
You feel your power returning.
Your Spellcasting skill increases to level 15!
Casting: Magic Dart (safe; 1% risk of failure)
Confirm with . or Enter, or press ? or * to list all spells.
Aiming: Mephitic Cloud (safe; 1% risk of failure)
Press: ? - help, Shift-Dir - straight line, f/p - meliai simulacrum
Aim: a meliai simulacrum (moderately damaged, not susceptible)
The ball explodes into a vile cloud!
The stinking cloud engulfs the meliai simulacrum but does no damage.
The meliai simulacrum is moderately damaged.
The stinking cloud engulfs you but does no damage.
The meliai simulacrum hits you. The meliai simulacrum freezes you!!
The meliai simulacrum completely misses you.
The meliai simulacrum hits you. The meliai simulacrum freezes you!
* * * LOW HITPOINT WARNING * * *
The meliai simulacrum misses you.
Unknown command.
Casting: Mephitic Cloud (safe; 1% risk of failure)
Confirm with . or Enter, or press ? or * to list all spells.
You feel a surge of power!
You ignite the poison in your surroundings!
You feel ready to blink again.
The meliai simulacrum is engulfed in blazing flames.
The meliai simulacrum hits you but does no damage.
The meliai simulacrum hits you.
* * * LOW HITPOINT WARNING * * *
The meliai simulacrum freezes you!
You die...

.§≈≈§≈§#..#..##+|##..#...#
≈§.§..©#©©#..#©#.©#.∩#.©.#
≈§≈≈...#..#..+##?##..#...#
§≈..≈.§#..###...###.8#.©.#
§.§§≈≈.#..###uuG###..#...#.
.≈≈....#..#########..#.....
########..#..........##..##
.......#..#########..###...
..§§...#..#...#☼@°#..§# ###
##≈##..#..#.#.#Z#.#..##
≈###≈..#..#.#.#.#°#..≈# ##
##..#.©#.##©##○#.§## ≈#
#≈..#..#.#.#.#.#.§§# ##
##..####.#.#.#=#.§## ≈#
#≈.....#...#...#..≈# ##
###....#########..##
#≈#.............≈#


You could see a great orb of eyes, 2 ugly things and a meliai simulacrum.

Vanquished Creatures
  A two-headed ogre (D:6)
  A fire crab (Gauntlet)
  Pikel (D:4)
  Maggie (D:6)
  A troll (D:10)
  2 hornets
  Sigmund (D:2)
  2 shadows (Gauntlet)
  2 wraiths (D:10)
  A centaur simulacrum (Gauntlet)
  Eustachio (D:4)
  2 fire bats (Gauntlet)
  4 yaks (D:8)
  2 vampire mosquitoes (D:10)
  2 steam dragons
  Edmund (D:4)
  A hydra simulacrum (Gauntlet)
  Duvessa (D:6)
  A water moccasin (D:8)
  An ice beast (D:8)
  An orc warrior (D:10)
  2 black bears
  2 sky beasts (D:7)
  An ogre (D:6)
  3 centaurs
  A phantom (D:4)
  2 kobold brigands
  4 bullfrogs
  2 gnoll sergeants (D:6)
  A scorpion (D:5)
  10 wights (D:7)
  Dowan (D:6)
  14 killer bees
  4 electric eels (D:10)
  5 howler monkeys
  2 jellies
  Crazy Yiuf (D:4)
  2 hounds
  9 orc priests
  2 iguanas
  9 orc wizards
  Natasha (thrice) (D:4)
  8 gnolls (D:6)
  6 adders
  6 white imps
  A worm (D:5)
  A dart slug (D:5)
  24 orcs
  7 ball pythons
  11 endoplasms
  2 giant cockroaches
  5 goblins
  14 hobgoblins
  12 jackals
  6 quokkas
  4 bats
  7 frilled lizards
  19 kobolds
  9 rats
252 creatures vanquished.

Vanquished Creatures (collateral kills)
  2 killer bees
2 creatures vanquished.

Vanquished Creatures (others)
  443 foxfires
443 creatures vanquished.

Grand Total: 697 creatures vanquished

Notes
Turn   | Place    | Note
-------+----------+-------------------------------------------
     0 | D:1      | pokeman the Deep Elf Hedge Wizard began the quest for the
                  | Orb.
     0 | D:1      | Reached XP level 1. HP: 10/10 MP: 7/7
   161 | D:1      | Reached XP level 2. HP: 15/15 MP: 5/9
   723 | D:1      | Reached skill level 5 in Spellcasting
   892 | D:1      | Reached XP level 3. HP: 20/20 MP: 7/11
   897 | D:1      | Learned a level 3 spell: Mephitic Cloud
   900 | D:1      | Learned a level 2 spell: Call Imp
   903 | D:1      | Learned a level 2 spell: Blink
  1520 | D:2      | Reached skill level 1 in Armour
  1617 | D:2      | Reached skill level 1 in Fighting
  1912 | D:2      | Reached XP level 4. HP: 25/25 MP: 0/13
  2070 | D:2      | Noticed Sigmund
  2087 | D:2      | Killed Sigmund
  2088 | D:2      | Reached XP level 5. HP: 26/29 MP: 12/15
  2429 | D:2      | Reached skill level 5 in Conjurations
  2717 | D:3      | Reached XP level 6. HP: 33/34 MP: 4/16
  2856 | D:3      | Reached skill level 6 in Spellcasting
  3449 | D:3      | Reached skill level 1 in Air Magic
  3449 | D:3      | Reached skill level 1 in Poison Magic
  3662 | D:4      | Found a runed translucent door.
  3663 | D:4      | Noticed Crazy Yiuf
  3672 | D:4      | Killed Crazy Yiuf
  3764 | D:4      | Reached XP level 7. HP: 38/38 MP: 14/19
  3876 | D:4      | Found a hide-covered altar of Uskayaw.
  3889 | D:4      | Reached skill level 7 in Spellcasting
  4042 | D:4      | Noticed Edmund
  4080 | D:4      | Killed Edmund
  4215 | D:4      | Noticed Natasha
  4225 | D:4      | Killed Natasha
  4387 | D:4      | Noticed Eustachio
  4401 | D:4      | Killed Eustachio
  4402 | D:4      | Reached skill level 8 in Spellcasting
  4457 | D:4      | Noticed Pikel
  4468 | D:4      | Killed Pikel
  4469 | D:4      | Reached skill level 9 in Spellcasting
  4469 | D:4      | Reached XP level 8. HP: 34/44 MP: 17/23
  4685 | D:4      | Noticed Natasha
  4697 | D:4      | Killed Natasha
  5078 | D:4      | Noticed Natasha
  5085 | D:4      | Killed Natasha
  5089 | D:5      | Entered Level 5 of the Dungeon
  5157 | D:5      | Found a staircase to the Ecumenical Temple.
  5184 | Temple   | Entered the Ecumenical Temple
  5193 | Temple   | Became a worshipper of Vehumet
  5349 | D:5      | Reached skill level 1 in Evocations
  5483 | D:5      | Reached skill level 10 in Spellcasting
  5805 | D:6      | Noticed Duvessa
  5805 | D:6      | Noticed Dowan
  5818 | D:6      | Killed Dowan
  5828 | D:6      | Killed Duvessa
  6237 | D:6      | Reached XP level 9. HP: 49/49 MP: 19/25
  6301 | D:6      | Found an ornate altar of the Wu Jian Council.
  6348 | D:6      | Reached skill level 11 in Spellcasting
  6357 | D:6      | Reached * piety under Vehumet
  6357 | D:6      | Offered knowledge of Foxfire by Vehumet.
  6367 | D:6      | Learned a level 1 spell: Foxfire
  6428 | D:6      | Found a shimmering altar of Xom.
  6429 | D:6      | Found a shimmering altar of Xom.
  6430 | D:6      | Found a shimmering altar of Xom.
  6449 | D:6      | Noticed Maggie
  6449 | D:6      | Noticed a two-headed ogre
  6485 | D:6      | Killed a two-headed ogre
  6486 | D:6      | Reached skill level 12 in Spellcasting
  6562 | D:6      | Killed Maggie
  6702 | D:6      | Found a shimmering altar of Xom.
  6703 | D:6      | Found a shimmering altar of Xom.
  7321 | D:7      | Reached skill level 1 in Necromancy
  7709 | D:7      | Identified the +4 scale mail "Vel Sien" {rPois Dex+4
                  | Slay-5}
  7721 | D:7      | Reached XP level 10. HP: 56/56 MP: 24/28
  8183 | D:7      | Reached skill level 13 in Spellcasting
  8449 | D:7      | Offered knowledge of Kiss of Death by Vehumet.
  8506 | D:7      | Reached ** piety under Vehumet
 10041 | D:9      | Reached skill level 14 in Spellcasting
 10088 | D:9      | Reached skill level 5 in Fire Magic
 10234 | D:9      | Found a hazy altar of Hepliaklqana.
 10709 | D:10     | Entered Level 10 of the Dungeon
 10804 | D:10     | Found a staircase to the Lair.
 10832 | D:10     | Offered knowledge of Inner Flame by Vehumet.
 11096 | D:10     | Found Kufoneteg's Book Boutique.
 11190 | D:10     | Reached XP level 11. HP: 61/61 MP: 27/31
 11893 | Gauntlet | Identified the of Focilask
 11980 | D:10     | Bought a Trismegistus Codex for 338 gold pieces
 12045 | D:11     | Found Naziagg's Jewellery Shop.
 12089 | D:11     | Found a gate leading to a gauntlet.
 12095 | Gauntlet | Entered a Gauntlet
 12095 | Gauntlet | Found a transporter.
 12095 | Gauntlet | Found a transporter.
 12107 | Gauntlet | Found a transporter.
 12115 | Gauntlet | Learned a level 3 spell: Ignite Poison
 12121 | Gauntlet | Learned a level 5 spell: Freezing Cloud
 12134 | Gauntlet | Found a transporter.
 12134 | Gauntlet | Found a transporter.
 12134 | Gauntlet | Noticed a fire crab
 12136 | Gauntlet | Found a transporter.
 12139 | Gauntlet | Found a transporter.
 12139 | Gauntlet | Found a transporter.
 12141 | Gauntlet | Noticed a great orb of eyes
 12143 | Gauntlet | Found a runed translucent door.
 12143 | Gauntlet | Noticed a brown ugly thing
 12143 | Gauntlet | Noticed a red ugly thing
 12153 | Gauntlet | Found a transporter.
 12168 | Gauntlet | Found a runed translucent door.
 12169 | Gauntlet | Found a transporter.
 12179 | Gauntlet | Found a transporter.
 12183 | Gauntlet | Found a transporter.
 12218 | Gauntlet | Found a transporter.
 12232 | Gauntlet | Found a transporter.
 12319 | Gauntlet | Killed a fire crab
 12320 | Gauntlet | Reached skill level 1 in Transmutations
 12320 | Gauntlet | Reached skill level 1 in Ice Magic
 12511 | Gauntlet | Reached *** piety under Vehumet
 12515 | Gauntlet | Reached skill level 15 in Spellcasting
 12516 | Gauntlet | Slain by a meliai simulacrum

Illustrated notes

Levels and vault maps discovered:
D:1:      wander_arrival_lonely_grave, layout_basic, grunt_decor_arrowhead
D:2:      layout_basic, minmay_domino_4, uniq_sigmund
D:3:      minmay_wonky_spiral, layout_basic, minmay_fountain_box,
          minmay_misc_feat_square
D:4:      layout_basic, nicolae_uskayaw_murder_on_the_dancefloor, uniq_pikel,
          uniq_natasha, uniq_edmund, uniq_eustachio, uniq_crazy_yiuf_cottage
D:5:      layout_rooms, minmay_temple_entry_junction_2
D:6:      layout_basic, nicolae_wu_jian_wuxing_cycle, xom_redecorated,
          uniq_duvessa, uniq_maggie
D:7:      layout_layer_cave
D:8:      layout_gridville
D:9:      layout_basic, nicolae_hepliaklqana_hazy_memory,
          kennysheep_generic_room_2
D:10:     layout_basic, lair_entry_dummy, serial_shops,
          nicolae_shop_behind_doors
D:11:     layout_irregular_city, orc_0_dummy, gauntlet_entry_generic,
          serial_shops, shop, hangedman_decor_points
Temple:   nicolae_temple_no_exploring_needed
Gauntlet: gammafunk_gauntlet_mixed_choke_point
          [minmay_gauntlet_arena_77_terracotta_army,
          minmay_gauntlet_arena_77_tiled_triplets,
          minmay_gauntlet_arena_77_block_sizes,
          nicolae_gauntlet_arena_flowing_pool, minmay_gauntlet_arena_77_museum,
          minmay_gauntlet_arena_77_cramped, minmay_gauntlet_arena_77_two_paths,
          nicolae_gauntlet_exit_dead_adventurers]

Skill      XL: |  1  2  3  4  5  6  7  8  9 10 11 |
---------------+----------------------------------+-----
Spellcasting   | 5 6 9 10 12 14 15 | 15.0
Armour         | 1 2 3 4 |  4.7
Fighting       | 1 2 3 4 |  4.0
Conjurations   | 2 4 5 6 7 8 9 |  9.8
Dodging        | 3 |  3.1
Stealth        | 3 |  3.0
Air Magic      | 1 |  1.0
Poison Magic   | 1 |  1.1
Evocations     | 1 |  1.0
Fire Magic     | 3 5 |  5.9
Necromancy     | 1 |  1.1
Transmutations | 1 |  1.0
Ice Magic      | 1 |  1.0
Summonings     | |  1.1
Translocations | |  1.1

Action                     |  1- 3 |  4- 6 |  7- 9 | 10-12 || total
---------------------------+-------+-------+-------+-------++-------
  Melee: Dagger            |    20 |    47 |    93 |    44 ||   204
         Punch             |       |     1 |     4 |     1 ||     6
         Quarterstaff      |       |       |    38 |       ||    38
         Short sword       |       |       |    15 |       ||    15
   Cast: Magic Dart        |   119 |    63 |   119 |    11 ||   312
         Mephitic Cloud    |       |     8 |    33 |    20 ||    61
         Blink             |       |       |     2 |     5 ||     7
         Call Imp          |       |       |     1 |     1 ||     2
         Foxfire           |       |       |    57 |   195 ||   252
         Ignite Poison     |       |       |       |     4 ||     4
         Freezing Cloud    |       |       |       |     2 ||     2
  Evoke: Wand              |       |       |       |     1 ||     1
    Use: Scroll            |       |       |       |     3 ||     3
   Stab: Confused          |       |    10 |    21 |     4 ||    35
         Sleeping          |       |     1 |     2 |       ||     3
         Distracted        |       |       |     1 |       ||     1
 Armour: Robe              |    14 |    13 |    43 |       ||    70
         Steam dragon scal |       |       |     5 |    47 ||    52
  Dodge: Dodged            |    22 |    25 |   112 |   101 ||   260
         Repelled          |       |       |     2 |     1 ||     3
  Block: Other             |     5 |     8 |    25 |    19 ||    57
         Reflection        |       |     1 |     1 |     3 ||     5

Table legend: (Time is in decaauts)
 A = Elapsed time spent in this place.
 B = Non-inter-level travel time spent in this place.
 C = Inter-level travel time spent in this place.
 D = Time resting spent in this place.
 E = Time spent auto-exploring this place.
 F = Levels seen in this place.
 G = Mean time per level.
                   A        B        C        D        E       F      G
               +--------+--------+--------+--------+--------+-----+--------+
         Total |  12543 |  11937 |    606 |    322 |   9558 |  13 |  964.8 |
       Dungeon |  12104 |  11505 |    599 |    184 |   9558 |  11 | 1100.4 |
        Temple |     17 |     10 |      7 |      0 |      0 |   1 |   17.0 |
      Gauntlet |    420 |    420 |      0 |    138 |      0 |   1 |  420.0 |
               +--------+--------+--------+--------+--------+-----+--------+

Top non-repeatable levels by time:
     D:7: 1652 daAuts
     D:6: 1497 daAuts
     D:4: 1464 daAuts
     D:1: 1397 daAuts
    D:10: 1287 daAuts
     D:2: 1261 daAuts
     D:8: 1012 daAuts
     D:3: 974 daAuts
     D:9: 804 daAuts
     D:5: 641 daAuts
Gauntlet: 420 daAuts
    D:11: 111 daAuts
  Temple: 17 daAuts
